 Dungeon Sprint DCSS version 0.31-a0-986-g5e6e4ef867 (webtiles) character file.

Game seed: 18418143903234295735

161 sircluck the Ruffian (level 5, -1/59 HPs)
             Began as a Troll Berserker on Nov 17, 2023.
             Was a Priest of Trog.
             Slain by an ice devil (14 damage)
             ... summoned by a kobold demonologist
             ... in the Dungeon (Sprint III: "The Ten Rune Challenge").
             The game lasted 00:00:58 (147 turns).

sircluck the Ruffian (Troll Berserker)               Turns: 147, Time: 00:00:59

Health: -1/59      AC:  7    Str: 27    XL:     5   Next: 19%
Magic:  4/4        EV: 11    Int:  3    God:    Trog [***...]
Gold:   22         SH:  0    Dex:  9    Spells: 4/4 levels left

rFire   . .          .
                       - Unarmed
rCold   . . .        (no shield)
rNeg    . . .        a - +0 animal skin
rPois   +            (helmet restricted)
rElec   .            b - +0 cloak
rCorr   .            (gloves unavailable)
SInv    .            (boots unavailable)
Will    .....        (no amulet)
Stlth   +            (no ring)
HPRegen 1.09/turn    (no ring)
MPRegen 0.09/turn

%: no teleportation
@: no status effects
A: large, unfitting armour, claws 3, regeneration 1, shaggy fur 1, tough skin 1,
iridescent scales 1, mutation resistance 1, poison resistance
a: Renounce Religion, Berserk, Trog's Hand


You were in the Dungeon.
You worshipped Trog.
Trog was most pleased with you.
You visited 1 branch You collected 22 gold pieces.

Inventory:

Armour
 a - a +0 animal skin (worn)
 b - a +0 cloak (worn)
Scrolls
 g - a scroll of blinking
 i - 2 scrolls of vulnerability {unknown}
 k - 2 scrolls of poison {unknown}
 l - 3 scrolls of identify
Potions
 c - a potion of heal wounds
 d - a potion of haste
 e - 2 potions of magic
 f - a potion of berserk rage
 h - a potion of lignification {unknown}
 m - a potion of might {unknown}
 n - 2 potions of enlightenment {unknown}


   Skills:
 + Level 5.6 Fighting
 + Level 5.6 Dodging
 + Level 6.7 Unarmed Combat


You had 4 spell levels left.
You didn't know any spells.
Your spell library was empty.

Dungeon Overview and Level Annotations

Branches:
Dungeon (1/1)

Altars:
Kikubaaqudgha
Sif Muna
Vehumet


Innate Abilities, Weirdness & Mutations

You are too large for most types of armour.
You have claws for hands.
Your natural rate of healing is unusually fast.
You are covered in fur. (AC +1)
You have tough skin. (AC +1)
You are partially covered in iridescent scales. (AC +2)
You are somewhat resistant to further mutation.
Your system is resistant to poisons. (rPois)


Message History

There is an open door here.
Unknown command.
You completely miss the arcanist.
The arcanist gestures at you while chanting.
You resist with some effort.
You scratch the arcanist. Your claw misses the arcanist.
The arcanist is lightly wounded.
The orange demon stings you from afar.
The kobold demonologist mumbles some strange words.
The arcanist casts a spell.
The arcanist seems to speed up.
Unknown command.
You scratch the arcanist.
The arcanist is moderately wounded.
The arcanist hits you with a +0 dagger. The orange demon stings you from afar.
The kobold demonologist gestures wildly while chanting.
Unknown command.
You barely miss the arcanist.
The arcanist is moderately wounded.
The arcanist hits you but does no damage.
The orange demon barely misses you. The arcanist hits you with a +0 dagger.
You closely miss the arcanist. Your claw misses the arcanist.
The arcanist is lightly wounded.
The ice devil hits you. The ice devil freezes you!
The arcanist hits you with a +0 dagger.
The orange demon stings you but does no damage.
The kobold demonologist gestures wildly while chanting.
You mangle the arcanist!!
You kill the arcanist!
Trog accepts your kill.
Trog appreciates your killing of a magic user.
The ice devil barely misses you. The orange demon stings you from afar!
* * * LOW HITPOINT WARNING * * *
You have reached level 5!
Okay, then.
The ice devil attacks as it pursues you!
The ice devil hits you.
* * * LOW HITPOINT WARNING * * *
The ice devil freezes you!
You die...

▓▓▓▓▓▓▓▓▓▓ ▓▓▓
#..'...♣.♣♣ ♣.#
#..#......♣ ♣.#
####....♣♣♣ ♣.#
...#....~♣♣♣♣♣.###+#+###+
...#...~~.♣.♣..#.........
...#).~~~~♣.♣♣.'.⌠.......
##'#..~≈≈†~~♣♣.#@..######
.)†#.~~≈~~~....#4⌠.#
...#.~≈~~~.....#...#
...#.~~~.......#4###
####...........#4K$#
...............#__5#
▓▓▓▓▓▓▓▓▓▓▓▓▓▓▓▓▓▓▓▓


You could see an orange demon (summoned), 2 ice devils and a kobold
demonologist.

Vanquished Creatures
  A water elemental (D)
  Crazy Yiuf (D)
  An arcanist (D)
  Jessica (D)
  A human (D)
  An endoplasm (D)
  2 rats (D)
8 creatures vanquished.

Notes
Turn   | Place    | Note
-------+----------+-------------------------------------------
     0 | D        | sircluck the Troll Berserker began the quest for the Orb.
     0 | D        | Reached XP level 1. HP: 22/22 MP: 0/0
    12 | D        | Noticed Jessica
    16 | D        | Killed Jessica
    16 | D        | Reached ** piety under Trog
    17 | D        | Reached skill level 4 in Unarmed Combat
    17 | D        | Reached XP level 2. HP: 32/32 MP: 1/1
    18 | D        | Reached XP level 3. HP: 39/39 MP: 2/2
    34 | D        | Noticed Crazy Yiuf
    43 | D        | Killed Crazy Yiuf
    44 | D        | Reached skill level 5 in Unarmed Combat
    69 | D        | Gained mutation: You are frail. (-10% HP) [potion of
                  | mutation]
    69 | D        | Gained mutation: Your spells are a little harder to cast,
                  | but a little more powerful. [potion of mutation]
    69 | D        | Gained mutation: Your spells are harder to cast, but more
                  | powerful. [potion of mutation]
    70 | D        | Lost mutation: You are frail. (-10% HP) [potion of
                  | mutation]
    70 | D        | Lost mutation: Your spells are harder to cast, but more
                  | powerful. [potion of mutation]
    70 | D        | Gained mutation: Your flesh is cold resistant. (rC+)
                  | [potion of mutation]
    70 | D        | Gained mutation: You have hidden genetic defects. [potion
                  | of mutation]
    70 | D        | Gained mutation: You are partially covered in iridescent
                  | scales. (AC +2) [potion of mutation]
    71 | D        | Lost mutation: Your flesh is cold resistant. (rC+) [potion
                  | of mutation]
    71 | D        | Lost mutation: Your spells are a little harder to cast, but
                  | a little more powerful. [potion of mutation]
    71 | D        | Lost mutation: You have hidden genetic defects. [potion of
                  | mutation]
    71 | D        | Gained mutation: Your system is resistant to poisons.
                  | (rPois) [potion of mutation]
    71 | D        | Gained mutation: You are somewhat resistant to further
                  | mutation. [potion of mutation]
    83 | D        | Reached *** piety under Trog
    84 | D        | Reached XP level 4. HP: 49/49 MP: 3/3
    92 | D        | Noticed a water elemental
    95 | D        | Killed a water elemental
    96 | D        | Reached skill level 5 in Fighting
    96 | D        | Reached skill level 5 in Dodging
    96 | D        | Reached skill level 6 in Unarmed Combat
   137 | D        | Found a radiant altar of Vehumet.
   138 | D        | Found a shimmering blue altar of Sif Muna.
   138 | D        | Found an ancient bone altar of Kikubaaqudgha.
   138 | D        | Noticed an arcanist
   139 | D        | Noticed an orange demon
   141 | D        | Noticed an ice devil
   142 | D        | Noticed an ice devil
   144 | D        | Killed an arcanist
   145 | D        | Reached XP level 5. HP: 16/59 MP: 4/4
   147 | D        | Slain by an ice devil

Illustrated notes

Levels and vault maps discovered:
D:        dungeon_sprint_mu [sprint_mu_entry_forest, sprint_mu_temple_rooms,
          sprint_mu_d1_spiders, sprint_mu_d2_genie, sprint_mu_d3_branching,
          sprint_mu_orc_legion, sprint_mu_elf_gauntlet, sprint_mu_hive_nellie,
          sprint_mu_lair_fedhas, sprint_mu_vaults_butterflies,
          sprint_mu_slime_circle, sprint_mu_swamp_cave, sprint_mu_snake_twists,
          sprint_mu_blade_basic, sprint_mu_crypt_chambers,
          sprint_mu_tomb_spiral, sprint_mu_vestibule_basic,
          sprint_mu_gehenna_hellfire, sprint_mu_dis_giant,
          sprint_mu_tartarus_statrot, sprint_mu_cocytus_islands, sprint_mu_zot1]

Skill      XL: |  1  2  3  4 |
---------------+-------------+-----
Fighting       | 3 4 5 |  5.6
Dodging        | 3 4 5 |  5.6
Unarmed Combat | 4 5 6 |  6.7

Action                     |  1- 3 |  4- 6 || total
---------------------------+-------+-------++-------
  Melee: Unarmed           |    16 |     8 ||    24
 Invoke: Berserk           |       |     1 ||     1
    Use: Potion            |     4 |       ||     4
 Armour: Animal skin       |     9 |    11 ||    20
  Dodge: Dodged            |     5 |     3 ||     8

Table legend: (Time is in decaauts)
 A = Elapsed time spent in this place.
 B = Non-inter-level travel time spent in this place.
 C = Inter-level travel time spent in this place.
 D = Time resting spent in this place.
 E = Time spent auto-exploring this place.
 F = Levels seen in this place.
 G = Mean time per level.
                   A        B        C        D        E       F      G
               +--------+--------+--------+--------+--------+-----+--------+
         Total |    153 |    153 |      0 |     41 |     30 |   1 |  153.0 |
       Dungeon |    153 |    153 |      0 |     41 |     30 |   1 |  153.0 |
               +--------+--------+--------+--------+--------+-----+--------+

Top non-repeatable levels by time:
       D: 153 daAuts
